 Dungeon Crawl Stone Soup version 0.18.1-6-gd335043 (webtiles) character file.

723 lightmor the Shield-Bearer (level 7, -6/63 HPs)
             Began as a Minotaur Fighter on May 18, 2016.
             Mangled by an ice beast (11 damage)
             ... on level 5 of the Dungeon.
             The game lasted 00:07:28 (3835 turns).

lightmor the Shield-Bearer (Minotaur Fighter)       Turns: 3835, Time: 00:07:29

Health: -6/63      AC:  9    Str: 27    XL:     7   Next: 43%
Magic:  6/6        EV:  8    Int:  5    God:
Gold:   283        SH: 11    Dex: 10    Spells: 0 memorised, 6 levels left

rFire  . . .     SeeInvis .     a - +1 war axe
rCold  . . .     Gourm    .     t - +0 scale mail
rNeg   . . .     Faith    .     c - +0 shield
rPois  .         Spirit   .     (helmet restricted)
rElec  .         Dismiss  .     i - +1 cloak
rCorr  .         Reflect  .     (no gloves)
SustAt .         Harm     +     (no boots)
MR     .....                    h - amulet of harm
Stlth  ..........               (no ring)
                                (no ring)

@: mighty, not resistant to hostile enchantments, extremely unstealthy
A: retaliatory headbutt, horns 2
a: no special abilities


You were on level 5 of the Dungeon.
You were very hungry.

You visited 2 branches of the dungeon, and saw 6 of its levels.

You collected 283 gold pieces.

Inventory:

Hand Weapons
 a - a +1 war axe (weapon)
Armour
 c - a +0 shield (worn)
 i - a +1 cloak (worn)
 t - a +0 scale mail (worn)
Rods
 b - a +1 rod of clouds (7/11)
   (You found it on level 3 of the Dungeon)
Jewellery
 h - an amulet of harm (around neck)
Wands
 r - a wand of acid (0/15)
Scrolls
 j - 3 scrolls of enchant weapon
Potions
 e - 2 potions of agility
 g - a potion of might
 l - 2 potions of flight
 n - 3 potions of lignification
 q - 2 potions of degeneration {unknown}
 w - a potion of haste {unknown}
 z - a potion of curing {unknown}
Comestibles
 f - 3 bread rations
 k - a beef jerky
 m - a fruit
 p - 2 slices of pizza
 s - 2 meat rations
 u - 6 chunks of flesh
 x - a royal jelly


   Skills:
 * Level 6.1 Fighting
 * Level 5.2 Axes
 * Level 6.0 Armour
 * Level 6.2 Shields


You had 6 spell levels left.
You didn't know any spells.

Dungeon Overview and Level Annotations

Branches:
Dungeon (5/15)             Temple (1/1) D:4

Altars:
Ashenzari
Cheibriados
Dithmenos
Elyvilon
Fedhas
Gozag
Nemelex Xobeh
Okawaru
Qazlal
Ru
Sif Muna
Trog
Vehumet
Xom
Yredelemnul
The Shining One

Shops:
D:4 %


Innate Abilities, Weirdness & Mutations

You reflexively headbutt those who attack you in melee.
You have a pair of horns on your head.


Message History

Some of the chunks of flesh in your inventory have rotted away.
Things that are here:
a trident; a chunk of flesh; an orc skeleton
Things that are here:
a dagger; a scale mail You enter the shallow water.
Moving in this stuff is going to be slow.
You see here an uncursed ring of teleportation.
Your unstable footing causes you to fumble your attack.
The ice beast hits you but does no damage.
You hit the ice beast. Your headbutt misses the ice beast.
The ice beast is moderately wounded.
The ice beast hits you. The ice beast freezes you!
* * * LOW HITPOINT WARNING * * *
You slash the ice beast! Your headbutt misses the ice beast.
The ice beast is heavily wounded.
The ice beast hits you.
* * * LOW HITPOINT WARNING * * *
The ice beast freezes you!
You die...

##########
#...≈...@#
#.....≈)Y#
#.....)..#
#....≈...#
#....≈...###
#......).!.
###........###
##...........##
##.............##


You could see an ice beast.

Vanquished Creatures
  Duvessa (D:4)
  An orc warrior (D:5)
  An ice beast (D:4)
  Dowan (D:4)
  A hound (D:4)
  An orc wizard (D:5)
  Ijyb (D:3)
  2 iguanas (D:4)
  A worker ant (D:4)
  3 gnolls (D:2)
  7 adders
  An ooze (D:2)
  4 worms
  3 dart slugs
  7 giant geckos
  8 orcs
  7 bats
  4 giant cockroaches
  4 goblins
  5 hobgoblins
  12 jackals
  A quokka (D:4)
  14 giant newts
  9 kobolds
  7 rats
106 creatures vanquished.

Notes
Turn   | Place    | Note
--------------------------------------------------------------
     0 | D:1      | lightmor the Minotaur Fighter began the quest for the Orb.
     0 | D:1      | Reached XP level 1. HP: 19/19 MP: 0/0
   423 | D:1      | Reached XP level 2. HP: 27/27 MP: 1/1
   834 | D:2      | Found a stormy altar of Qazlal.
   911 | D:2      | Reached XP level 3. HP: 27/33 MP: 2/2
  1344 | D:2      | Reached XP level 4. HP: 40/41 MP: 3/3
  1638 | D:2      | Found a sacrificial altar of Ru.
  2156 | D:3      | Noticed Ijyb
  2159 | D:3      | Killed Ijyb
  2159 | D:3      | Reached XP level 5. HP: 47/47 MP: 4/4
  2332 | D:3      | Found a basalt altar of Yredelemnul.
  2332 | D:3      | Found a white marble altar of Elyvilon.
  2333 | D:3      | Found a shadowy altar of Dithmenos.
  2637 | D:3      | Identified a +1 rod of clouds (11/11) (You found it on level 3 of the Dungeon)
  2739 | D:4      | Found a staircase to the Ecumenical Temple.
  2774 | D:4      | Reached skill level 5 in Fighting
  2792 | D:4      | Noticed an ice beast
  2795 | Temple   | Entered the Ecumenical Temple
  3017 | D:4      | Noticed Duvessa
  3017 | D:4      | Killed an ice beast
  3017 | D:4      | Reached skill level 5 in Armour
  3017 | D:4      | Reached skill level 5 in Shields
  3017 | D:4      | Reached XP level 6. HP: 43/56 MP: 5/5
  3019 | D:4      | Noticed Dowan
  3033 | D:4      | Killed Duvessa
  3036 | D:4      | Killed Dowan
  3338 | D:4      | Reached XP level 7. HP: 61/62 MP: 6/6
  3460 | D:4      | Found Wumubayn's Food Shop.
  3639 | D:4      | Reached skill level 5 in Axes
  3767 | D:5      | Entered Level 5 of the Dungeon
  3835 | D:5      | Mangled by an ice beast

Skill      XL: |  1  2  3  4  5  6  7 |
---------------+----------------------+-----
Shields        | 4 5 6 |  6.2
Fighting       | 4 5 6 |  6.1
Armour         | 4 5 6 |  6.0
Axes           | 3 4 5 |  5.2

Action                   |  1- 3 |  4- 6 |  7- 9 || total
-------------------------+-------+-------+-------++-------
Melee: War axe           |    74 |   119 |    49 ||   242
       Headbutt          |    11 |    11 |     6 ||    28
Evoke: Wand              |       |       |     2 ||     2
       Rod               |       |       |     1 ||     1
  Use: Scroll            |     1 |     3 |     5 ||     9
       Potion            |     1 |       |     1 ||     2
  Eat: Chunk             |     1 |     7 |     1 ||     9
Armor: Scale mail        |    29 |    64 |    20 ||   113
Dodge: Dodged            |    18 |    31 |     8 ||    57
Block: Shield            |    32 |    84 |    26 ||   142
